 Dungeon Crawl Stone Soup version 0.27.1-2-g3b301248ec (webtiles) character file.

Game seed: 7937622285564921973

22395 Borgoz the Grappler (level 13, -2/116 HPs)
             Began as a Ghoul Monk on Sept 28, 2021.
             Was a High Priest of Okawaru.
             Slain by a black mamba (8 damage)
             ... on level 2 of the Lair of Beasts.
             The game lasted 00:16:32 (15196 turns).

Borgoz the Grappler (Ghoul Monk)                   Turns: 15196, Time: 00:16:32

Health: -2/116     AC: 16    Str: 23    XL:     13   Next: 0%
Magic:  13/15      EV: 15    Int:  5    God:    Okawaru [*****.]
Gold:   734        SH:  5    Dex: 14    Spells: 12/12 levels left

rFire    . . .     SeeInvis .     - Unarmed
rCold    + . .     Faith    .   (no shield)
rNeg     + + +     Spirit   .   c - +0 chain mail
rPois    ∞         Reflect  +   e - +0 hat {Stlth+}
rElec    .         Harm     .   u - +2 cloak
rCorr    .         Rampage  .   (no gloves)
Will     .....                  (no boots)
Stlth    ++........             j - amulet of reflection
HPRegen  0.00/turn              h - +6 ring of strength
MPRegen  0.14/turn              (no ring)

@: heroic, inhibited regen
A: claws 1, cold resistance 1, negative energy resistance 3, inhibited
regeneration, torment resistance 2
a: Renounce Religion, Heroism, Finesse


You were on level 2 of the Lair of Beasts.
You worshipped Okawaru.
Okawaru was extremely pleased with you.
You visited 3 branches of the dungeon, and saw 13 of its levels.
You also visited: Ossuary.

You collected 734 gold pieces.

Inventory:

Armour
 c - a +0 chain mail (worn)
 e - a +0 hat of stealth (worn)
 u - a +2 cloak (worn)
Jewellery
 h - a +6 ring of strength (left claw)
 j - an amulet of reflection (around neck)
Wands
 i - a wand of mindburst (18)
 o - a wand of acid (7)
 q - a wand of iceblast (22)
Scrolls
 a - 9 scrolls of teleportation
 f - a scroll of fear
 k - 2 scrolls of magic mapping
 m - 3 scrolls of enchant armour
 t - a scroll of brand weapon
 v - a scroll of identify
 w - a scroll of silence
 x - a scroll of blinking
Potions
 b - 4 potions of heal wounds
 d - 2 potions of cancellation
 g - 4 potions of curing
 l - a potion of resistance
 n - 3 potions of flight
 p - 2 potions of ambrosia
 r - a potion of brilliance
 s - a potion of might
 z - a potion of attraction


   Skills:
 + Level 11.6(16.6) Fighting
 + Level 9.5(14.5) Armour
 + Level 9.9(14.9) Dodging
 - Level 2.3(7.3) Stealth
 + Level 11.6(16.6) Unarmed Combat
 - Level 5.0 Invocations
 - Level 2.7 Evocations


You had 12 spell levels left.
You didn't know any spells.
Your spell library contained the following spells:

 Spells                   Type           Power      Damage    Failure   Level
 Sting                    Tmut/Pois      0%         1d3       94%         1
 Poisonous Vapours        Pois/Air       0%         N/A       98%         2
 Static Discharge         Conj/Air       0%         N/A       98%         2
 Gell's Gravitas          Tloc           0%         N/A       100%        3
 Ignite Poison            Fire/Tmut/Pois 0%         N/A       100%        3
 Lesser Beckoning         Tloc           0%         N/A       100%        3
 Mephitic Cloud           Conj/Pois/Air  0%         N/A       100%        3
 Teleport Other           Tloc           0%         N/A       100%        3
 Dispel Undead            Necr           0%         3d6       100%        4
 Olgreb's Toxic Radiance  Pois           0%         N/A       100%        4
 Sticky Flame             Conj/Fire      0%         2d3       100%        4
 Summon Ice Beast         Ice/Summ       0%         N/A       100%        4
 Bolt of Magma            Conj/Fire/Erth 0%         4d4       100%        5
 Fireball                 Conj/Fire      0%         3d3       100%        5
 Summon Mana Viper        Hex/Summ       0%         N/A       100%        5
 Starburst                Conj/Fire      0%         6d3       100%        6
 Monstrous Menagerie      Summ           0%         N/A       100%        7
 Ignition                 Fire           0%         3d3       100%        8


Dungeon Overview and Level Annotations

Branches:
Dungeon (10/15)            Temple (1/1) D:6            Lair (2/6) D:9
Ossuary (visited)
  Swamp: Lair:2-4    Shoals: Lair:2-4     Snake: Lair:2-4    Spider: Lair:2-4
    Orc: D:9-12

Altars:
Ashenzari
Cheibriados
Dithmenos
Elyvilon
Fedhas
Gozag
Hepliaklqana
Kikubaaqudgha
Makhleb
Nemelex Xobeh
Okawaru
Qazlal
Ru
Sif Muna
Trog
Uskayaw
Vehumet
Wu Jian
Xom
Yredelemnul
Zin
The Shining One


Innate Abilities, Weirdness & Mutations

You thrive by killing the living.
You are immune to poison.
You have sharp fingernails.
Your flesh is cold resistant. (rC+)
You are immune to negative energy. (rN+++)
You do not regenerate when monsters are visible.
You are immune to unholy pain and torment.


Message History

You gain the combat prowess of a mighty hero.
The black mamba bites you but does no damage.
You block the black mamba's attack.
You closely miss the black mamba.
The black mamba is almost dead.
The black mamba bites you.
* * * LOW HITPOINT WARNING * * *
You claw the black mamba!
You kill the black mamba!
Okawaru accepts your kill.
You have reached level 13!
You start resting.
Magic restored.
You start resting.
You feel like a meek peon again.
You start resting.
A black mamba is nearby!
A black mamba is nearby!
The black mamba hisses angrily.
You feel better.
You gain the combat prowess of a mighty hero.
You are too injured to fight recklessly!
You are too injured to fight recklessly!
You are too injured to fight recklessly!
You block the black mamba's attack. The black mamba bites you.
* * * LOW HITPOINT WARNING * * *
You scratch the black mamba but do no damage.
The black mamba bites you!
* * * LOW HITPOINT WARNING * * *
You barely miss the black mamba. You block the black mamba's attack.
You mangle the black mamba!! You claw the black mamba!
The black mamba is almost dead.
The black mamba bites you.
* * * LOW HITPOINT WARNING * * *
You closely miss the black mamba. Your claw misses the black mamba.
The black mamba is almost dead.
The black mamba bites you.
* * * LOW HITPOINT WARNING * * *
The black mamba bites you!
You die...

##...........#
#.....^.....
...<.........##
##..........
.###.P#.#.##..###
##......... ##
#.########.#.##
#.#........ ### #....#
##......... ##..##
#.#.[.....# #...###
###.....### ##..#.##
##...###.
#.@...###.##.......
#.PS...............
#.######......##.#..#....
#.........###.#####.###..
...........# # ##.
.##.#.####....# #. ##.#
#..... #. #.. #.... ##
#.. .... #


You could see a black mamba.

Vanquished Creatures
  A hydra (Lair:2)
  4 two-headed ogres
  A centaur warrior (D:8)
  Nergalle (D:10)
  Pikel (D:7)
  2 black mambas (Lair:2)
  10 cane toads
  2 kobold demonologists
  2 rime drakes
  9 komodo dragons
  A troll (D:9)
  A polar bear (Lair:2)
  5 blink frogs (Lair:2)
  A wraith (D:9)
  A wyvern (D:9)
  Grum (D:8)
  5 yaks (Lair:2)
  4 humans (D:6)
  A basilisk (Lair:1)
  A steam dragon (D:7)
  8 water moccasins
  7 orc warriors
  4 black bears
  2 ice beasts (D:7)
  A necrophage (D:5)
  8 wolves
  8 centaurs
  5 ogres
  2 phantoms
  3 kobold brigands
  4 elf zombies (Ossuary)
  7 bullfrogs
  3 scorpions (D:5)
  12 wights
  5 howler monkeys (D:9)
  6 centaur zombies
  A bullfrog zombie (D:7)
  5 human zombies (Ossuary)
  2 jellies
  5 orc priests
  3 hounds
  4 gnoll shamans (D:7)
  A bullfrog skeleton (D:5)
  2 centaur skeletons (D:6)
  4 iguanas
  Natasha (twice) (D:2)
  7 orc wizards
  Terence (D:2)
  A killer bee zombie (D:7)
  3 mummies (Ossuary)
  A howler monkey zombie (D:9)
  Robin (D:2)
  3 adders
  11 gnolls
  A howler monkey skeleton (D:7)
  A shadow imp (D:6)
  2 white imps (D:7)
  A worm (D:2)
  3 dart slugs
  27 orcs
  9 bats
  10 endoplasms
  4 giant cockroaches
  8 hobgoblins
  7 jackals
  16 kobolds
  A quokka (D:1)
  4 ball pythons
  4 frilled lizards
  18 goblins
  A goblin zombie (D:4)
  9 rats
322 creatures vanquished.

Vanquished Creatures (others)
  11 fungi
  29 plants
40 creatures vanquished.

Grand Total: 362 creatures vanquished

Notes
Turn   | Place    | Note
-------+----------+-------------------------------------------
     0 | D:1      | Borgoz the Ghoul Monk began the quest for the Orb.
     0 | D:1      | Reached XP level 1. HP: 19/19 MP: 0/0
   230 | D:1      | Reached XP level 2. HP: 26/26 MP: 1/1
   703 | D:1      | Reached XP level 3. HP: 31/31 MP: 2/2
  1030 | D:2      | Noticed Terence
  1039 | D:2      | Killed Terence
  1040 | D:2      | Reached skill level 1 in Armour
  1296 | D:2      | Reached XP level 4. HP: 40/40 MP: 3/3
  1560 | D:2      | Noticed Natasha
  1573 | D:2      | Killed Natasha
  1574 | D:2      | Reached XP level 5. HP: 24/46 MP: 4/4
  1810 | D:2      | Noticed Robin
  1834 | D:2      | Killed Robin
  1872 | D:2      | Noticed Natasha
  1927 | D:2      | Killed Natasha
  2414 | D:3      | Noticed an orc warrior
  2421 | D:3      | Killed an orc warrior
  2422 | D:3      | Reached XP level 6. HP: 49/53 MP: 5/5
  3019 | D:4      | Reached skill level 5 in Unarmed Combat
  3057 | D:4      | Reached skill level 5 in Fighting
  3076 | D:4      | Reached XP level 7. HP: 57/61 MP: 6/6
  3128 | D:4      | Identified the +1 pair of gloves "Yteaz" {-Cast rPois rCorr
                  | Str+3}
  3229 | D:4      | Found a sand-covered staircase.
  3256 | Ossuary  | Entered an ossuary
  3638 | Ossuary  | Reached XP level 8. HP: 60/70 MP: 7/7
  3739 | Ossuary  | Reached skill level 5 in Dodging
  4450 | D:5      | Entered Level 5 of the Dungeon
  5207 | D:5      | Reached XP level 9. HP: 77/78 MP: 8/8
  5408 | D:6      | Reached skill level 5 in Armour
  5831 | D:6      | Reached skill level 1 in Evocations
  6158 | D:6      | Found a shimmering blue altar of Sif Muna.
  6342 | D:6      | Found a staircase to the Ecumenical Temple.
  6401 | Temple   | Entered the Ecumenical Temple
  6422 | Temple   | Became a worshipper of Warmaster Okawaru
  6422 | Temple   | Reached * piety under Okawaru
  6422 | Temple   | Reached ** piety under Okawaru
  6926 | D:7      | Noticed Pikel
  6944 | D:7      | Killed Pikel
  6945 | D:7      | Reached XP level 10. HP: 78/88 MP: 6/9
  7821 | D:7      | Reached *** piety under Okawaru
  8542 | D:8      | Noticed a centaur warrior
  8553 | D:8      | Killed a centaur warrior
  8553 | D:8      | Reached **** piety under Okawaru
  8933 | D:8      | Noticed a two-headed ogre
  8941 | D:8      | Killed a two-headed ogre
  9156 | D:8      | Noticed Grum
  9163 | D:8      | Reached XP level 11. HP: 46/97 MP: 7/10
  9180 | D:7      | Reached skill level 1 in Invocations
  9700 | D:8      | Killed Grum
 10989 | D:9      | Found a staircase to the Lair.
 11042 | D:9      | Reached ***** piety under Okawaru
 11293 | D:10     | Entered Level 10 of the Dungeon
 11299 | D:10     | Noticed a soul eater
 11360 | D:10     | Noticed a two-headed ogre
 11361 | D:10     | Noticed a two-headed ogre
 11372 | D:10     | Killed a two-headed ogre
 11373 | D:10     | Reached skill level 10 in Fighting
 11373 | D:10     | Reached skill level 10 in Unarmed Combat
 11377 | D:10     | Killed a two-headed ogre
 11784 | D:10     | Noticed a two-headed ogre
 11793 | D:10     | Killed a two-headed ogre
 12009 | D:10     | Noticed Nergalle
 12019 | D:10     | Killed Nergalle
 12835 | Lair:1   | Entered Level 1 of the Lair of Beasts
 12870 | Lair:1   | Reached XP level 12. HP: 107/107 MP: 12/14
 12987 | Lair:1   | Reached skill level 5 in Invocations
 13630 | Lair:1   | Received a gift from Okawaru
 14095 | Lair:2   | Noticed an eight-headed hydra
 14107 | Lair:2   | Killed an eight-headed hydra
 15152 | Lair:2   | Reached XP level 13. HP: 6/116 MP: 12/15
 15196 | Lair:2   | Slain by a black mamba

Illustrated notes

Levels and vault maps discovered:
D:1:      wheals_arrival_shading, layout_loops_corners
D:2:      layout_loops_cross, minmay_liquid_box, minivault_25, minmay_ruptured,
          uniq_natasha, uniq_terence, uniq_robin
D:3:      layout_loops_ring, serial_bayou_pond_a
D:4:      layout_loops_ring, enter_ossuary_3
D:5:      layout_loops_ring, nrook_pool_corridor
D:6:      layout_basic, nicolae_sif_muna_condensation,
          minmay_temple_entry_overgrown, minmay_ruffians
D:7:      kennysheep_seaside_town, layout_loops_cross, minmay_misc_feat_square,
          minmay_small_thing, uniq_pikel
D:8:      layout_basic, uniq_grum
D:9:      layout_loops_corners, lair_entry_dummy
D:10:     layout_cave_pods, uniq_nergalle
Temple:   nicolae_temple_the_god_donut
Lair:1:   statuecave_lemuel, layout_loops_ring, beast_lair_carwin_4,
          grunt_megastairs_2
Lair:2:   layout_cave_pods, chequers_serial_rivers_micro_c,
          cheibrodos_lair_reptile_den

Skill      XL: |  1  2  3  4  5  6  7  8  9 10 11 12 |
---------------+-------------------------------------+-----
Dodging        | 3 4 5 6 7 8 9 |  9.9
Armour         | 1 2 3 4 6 7 8 9 |  9.5
Fighting       | 4 5 6 8 9 10 11 | 11.6
Unarmed Combat | 4 5 6 8 9 10 11 | 11.6
Evocations     | 2 |  2.7
Invocations    | 4 5 |  5.0
Stealth        | |  2.3

Action                   |  1- 3 |  4- 6 |  7- 9 | 10-12 | 13-15 || total
-------------------------+-------+-------+-------+-------+-------++-------
Melee: Unarmed           |    79 |   188 |   456 |   665 |     4 ||  1392
       Punch             |     1 |     1 |    21 |    46 |     1 ||    70
Invok: Heroism           |       |       |     1 |    15 |     1 ||    17
Evoke: Wand              |       |     4 |       |       |       ||     4
  Use: Scroll            |     3 |     5 |     7 |     6 |       ||    21
       Potion            |     4 |       |     3 |     4 |     1 ||    12
Armor: Chain mail        |    52 |    91 |   147 |   236 |       ||   526
       Robe              |     3 |       |       |       |       ||     3
Dodge: Dodged            |    29 |    67 |   136 |   359 |       ||   591
Block: Other             |       |     4 |    81 |   162 |     2 ||   249
       Reflection        |       |       |       |     5 |       ||     5
